 Dungeon Crawl Stone Soup version 0.17.0-73-gb648821 (webtiles) character file.

596 magipi the Skirmisher (level 7, -11/47 HPs)
             Began as a Kobold Assassin on Dec 9, 2015.
             Was an Initiate of Kikubaaqudgha.
             Mangled by Erica
             ... wielding a +3 scimitar of flaming
              (15 damage)
             ... on level 8 of the Dungeon on Dec 10, 2015.
             The game lasted 00:31:20 (4272 turns).

magipi the Skirmisher (Kobold Assassin)             Turns: 4272, Time: 00:31:21

Health: -11/47     AC:  6    Str: 10    XL:     7   Next: 67%
Magic:  7/7        EV: 14    Int: 10    God:    Kikubaaqudgha [......]
Gold:   367        SH:  0    Dex: 18    Spells: 0 memorised, 6 levels left

rFire  + . .     SeeInvis .     a - +1 dagger (drain)
rCold  . . .     Clarity  .     w - +0 robe
rNeg   . . .     SustAt   .     (shield restricted)
rPois  .         Gourm    .     n - +1 helmet
rElec  .         Spirit   .     d - +0 cloak
rCorr  .         Warding  .     (no gloves)
rMut   .         Stasis   .     l - +0 pair of boots
MR     .....                    (no amulet)
Stlth  ++++......               p - ring of stealth
                                f - ring of protection from fire

@: slowed, very slow, not resistant to hostile enchantments, stealthy
A: carnivore 3
a: Renounce Religion


You were on level 8 of the Dungeon.
You worshipped Kikubaaqudgha.
Kikubaaqudgha was noncommittal.
You were very full.

You visited 2 branches of the dungeon, and saw 9 of its levels.

You collected 367 gold pieces.

Inventory:

Hand Weapons
 a - a +1 dagger of draining (weapon)
 b - a +0 blowgun
 o - a +2 dagger
Missiles
 e - 20 poisoned needles
 m - 2 curare-tipped needles
 q - 2 throwing nets (quivered)
 y - 4 tomahawks of dispersal
Armour
 d - a +0 cloak (worn)
 l - a +0 pair of boots (worn)
 n - a +1 helmet (worn)
 w - a +0 robe (worn)
Jewellery
 c - an uncursed ring of protection from cold
 f - a ring of protection from fire (left hand)
 h - a +6 ring of protection {unknown}
 p - a ring of stealth (right hand)
 t - an uncursed amulet of stasis
Wands
 u - a wand of flame (48)
Scrolls
 i - 4 scrolls of identify
 s - 2 scrolls of teleportation
 x - a scroll of noise {unknown}
 C - a scroll of holy word {unknown}
Potions
 r - 2 potions of lignification
 v - 3 potions of curing
Books
 k - an Akashic Record

   Spells                             Type                      Level
   a - Dispersal                      Translocation                6
   b - Malign Gateway                 Summoning/Translocation      7
   c - Disjunction                    Translocation                8
   d - Controlled Blink               Translocation                8
Comestibles
 g - 6 meat rations
 j - a royal jelly
 z - a slice of pizza
 B - a beef jerky


   Skills:
 + Level 6.4 Fighting
 - Level 2.6 Short Blades
 + Level 6.3 Throwing
 - Level 1.2 Dodging
 - Level 5.3 Stealth


You had 6 spell levels left.
You didn't know any spells.

Dungeon Overview and Level Annotations

Branches:
Dungeon (8/15)             Temple (1/1) D:7
   Lair: D:8-11

Altars:
Ashenzari
Cheibriados
Dithmenos
Elyvilon
Fedhas
Gozag
Kikubaaqudgha
Makhleb
Nemelex Xobeh
Okawaru
Qazlal
Ru
Sif Muna
Trog
Vehumet
Xom
Yredelemnul
Zin
The Shining One

Shops:
D:4 :

Annotations:
D:2 Sigmund
D:5 slayr's ghost, novice TrMo
D:8 Erica


Innate Abilities, Weirdness & Mutations

You are small and have problems with some larger weapons.
You are carnivorous and can eat meat at any time.


Message History

Found 3 gold pieces.
You see here a short sword.
Found a leather armour and a meat ration.
Found 12 arrows of flame.
You now have 367 gold pieces (gained 3).
g - 6 meat rations (gained 1)
The crimson imp shouts!
The crimson imp misses you.
The crimson imp hits you but does no damage.
There is a stone staircase leading down here.
You closely miss the crimson imp.
The crimson imp hits you but does no damage.
You hit the crimson imp.
The crimson imp is lightly wounded.
The crimson imp blinks!
You climb downwards.
There is a stone staircase leading up here.
Found a crooked runed staff.
An orc and a crimson imp come into view.
The helpless orc fails to defend itself.
You impale the orc!!
You kill the orc!
Kikubaaqudgha accepts your kill.
Found a stone staircase leading down.
You see here a club.
The helpless crimson imp fails to defend itself.
You impale the crimson imp!!
You kill the crimson imp!
Kikubaaqudgha accepts your kill.
You see here a crooked runed staff.
Read which item? (? for menu, Esc to quit)
Okay, then.
Drink which item? (? for menu, Esc to quit)
Okay, then.
You open the door.
Found a dagger.
There is an open door here.
Erica the Fiery-Tempered comes into view.
She is wielding a scimitar of flaming.
Erica shouts!
Erica points at you and mumbles some strange words.
You feel yourself slow down.
There is an open door here.
Erica points at you and mumbles some strange words.
You are confused.
You bump into the rock wall.
You bump into the rock wall.
Unknown command.
You feel less confused. Erica gestures at you while chanting.
You resist with significant effort. Erica casts a spell at you.
The bolt of poison hits you!
You are poisoned.
A giant frog comes into view.
You feel sick.
Erica points at you and mumbles some strange words.
The bolt of poison hits you!
You are more poisoned.
* * * LOW HITPOINT WARNING * * *
Erica casts a spell at you.
You are confused.
* * * LOW HITPOINT WARNING * * *
You feel very sick.
Drink which item? (? for menu, Esc to quit)
You feel better.
Erica points at you and mumbles some strange words.
You feel as though you will be slow longer.
Erica says, "I love to fight, but killing is better."
Erica drinks a potion.
Erica seems to grow stronger.
Evoke which item? (* to show all) (? for menu, Esc to quit)
Okay, then.
Unknown command.
Drink which item? (? for menu, Esc to quit)
You feel much better.
Erica hits you with a scimitar of flaming!
Erica burns you.
Unknown command.
You hit Erica. You drain Erica!
Erica is lightly wounded.
Erica casts a spell at you. The bolt of poison hits you!
You are poisoned.
* * * LOW HITPOINT WARNING * * *
You hit Erica. You drain Erica!
Erica is lightly wounded.
You feel sick.
Erica hits you with a scimitar of flaming!
* * * LOW HITPOINT WARNING * * *
Drink which item? (? for menu, Esc to quit)
You feel better.
Erica hits you with a scimitar of flaming!
* * * LOW HITPOINT WARNING * * *
Erica burns you.
* * * LOW HITPOINT WARNING * * *
Erica casts a spell.
Erica flickers and vanishes!
Deactivating autopickup; reactivate with Ctrl-A.
Something hits you!
You die...
Kikubaaqudgha rasps: "You have failed me!
Welcome... death!"

###.....#
#..#...#####.########
##...@.#####..##..#
#.#.......
.....#.##.....|...#
###.......#
##.#.#.##.###..#.##
#<....#####
.).#.#.##.#
#..#)##########
...'@#.##.#
#.........#
...#...##.#
##.#.####.#
...###.##@# #...#
...# #....# ##.@#
...######## #..#
.....# ##.# #....#
.># #...## ### #...#
#####


There were no monsters in sight!

Vanquished Creatures
  2 ogres
  A giant frog (D:6)
  A crimson imp (D:8)
  An iguana (D:6)
  2 worker ants
  3 orc wizards
  2 hound skeletons (D:4)
  6 adders
  An ooze (D:3)
  A worm (D:2)
  4 giant geckos
  12 orcs
  6 bats
  2 giant cockroaches
  4 goblins
  5 hobgoblins
  4 kobolds
  A quokka (D:3)
  A ball python (D:2)
  2 giant gecko zombies (D:6)
  8 jackals
  A quokka skeleton (D:5)
  6 rats
76 creatures vanquished.

Notes
Turn   | Place    | Note
--------------------------------------------------------------
     0 | D:1      | magipi the Kobold Assassin began the quest for the Orb.
     0 | D:1      | Reached XP level 1. HP: 12/12 MP: 1/1
   197 | D:1      | Reached XP level 2. HP: 18/18 MP: 2/2
   586 | D:2      | Reached XP level 3. HP: 14/23 MP: 3/3
   814 | D:2      | Found a sacrificial altar of Ru.
   825 | D:2      | Reached XP level 4. HP: 28/28 MP: 4/4
  1298 | D:2      | Noticed Sigmund
  1429 | D:3      | Found a white marble altar of Elyvilon.
  1626 | D:3      | Found a radiant altar of Vehumet.
  1725 | D:3      | Found a basalt altar of Yredelemnul.
  1729 | D:3      | Found a shattered altar of Ashenzari.
  1729 | D:3      | Found a shimmering altar of Xom.
  1738 | D:3      | Found a blossoming altar of Fedhas.
  1741 | D:3      | Found a snail-covered altar of Cheibriados.
  1836 | D:4      | Reached XP level 5. HP: 19/33 MP: 5/5
  1845 | D:4      | HP: 1/33 [gnoll/spear (8)]
  1847 | D:4      | Noticed an ogre
  1868 | D:4      | Killed an ogre
  1913 | D:4      | Found a sparkling altar of Nemelex Xobeh.
  2022 | D:4      | Found Wuroudah's Book Boutique.
  2077 | D:4      | Reached XP level 6. HP: 33/39 MP: 6/6
  2272 | D:5      | Entered Level 5 of the Dungeon
  2413 | D:5      | Noticed slayr's ghost (novice TrMo)
  2575 | D:5      | Reached skill level 5 in Fighting
  2629 | D:5      | Found an ancient bone altar of Kikubaaqudgha.
  2964 | D:6      | Reached skill level 5 in Throwing
  3188 | D:6      | Reached XP level 7. HP: 43/45 MP: 7/7
  3273 | D:6      | Reached skill level 6 in Fighting
  3584 | D:7      | Found a staircase to the Ecumenical Temple.
  3594 | Temple   | Entered the Ecumenical Temple
  3913 | D:5      | Became a worshipper of Kikubaaqudgha
  4012 | D:7      | Found an iron altar of Okawaru.
  4120 | D:7      | Found a bloodstained altar of Trog.
  4243 | D:8      | Noticed Erica
  4268 | D:8      | HP: 1/47 [Erica/scimitar of flaming (10)]
  4272 | D:8      | Mangled by Erica

Action                   |  1- 3 |  4- 6 |  7- 9 || total
-------------------------+-------+-------+-------++-------
Melee: Dagger            |    44 |   154 |    67 ||   265
 Fire: Blowgun           |       |     5 |     3 ||     8
  Use: Scroll            |       |    10 |       ||    10
       Potion            |       |     2 |     3 ||     5
 Stab: Sleeping          |     7 |    16 |     4 ||    27
       Paralysed         |       |     1 |       ||     1
  Eat: Chunk             |     7 |     6 |     5 ||    18

Action                   |  1- 3 |  4- 6 |  7- 9 || total
-------------------------+-------+-------+-------++-------
Melee: Dagger            |    44 |   154 |    67 ||   265
 Fire: Blowgun           |       |     5 |     3 ||     8
  Use: Scroll            |       |    10 |       ||    10
       Potion            |       |     2 |     3 ||     5
 Stab: Sleeping          |     7 |    16 |     4 ||    27
       Paralysed         |       |     1 |       ||     1
  Eat: Chunk             |     7 |     6 |     5 ||    18
